 Dungeon Crawl Stone Soup version 0.31.0-9-g3a7656b989 (webtiles) character file.

Game seed: 178645221779939759

5451 Beluga the Fighter (level 11, 0/85 HPs)
             Began as a Djinni Conjurer on Feb 6, 2024.
             Was an Initiate of Ashenzari.
             Killed by the air
             ... invoked by Gastronok
              (22 damage)
             ... on level 1 of the Lair of Beasts.
             The game lasted 01:03:45 (9370 turns).

Beluga the Fighter (Djinni Conjurer)                Turns: 9370, Time: 01:03:45

Health: 0/85       AC: 11    Str: 14    XL:     11   Next: 0%
Gold:   287        EV: 13    Int: 22    God:    Ashenzari [......] SH:  0 Dex: 12

rFire   + + .        g - staff of cold
rCold   . . .        (no shield)
rNeg    . . .        B - +1 ring mail {rPois}
rPois   ∞            f - +1 helmet
rElec   .            e - scarf {repulsion}
rCorr   .            s - +0 pair of gloves
SInv    .            (boots unavailable)
Will    +....        (no amulet)
Stlth   +            i - ring of wizardry
HPRegen 0.34/turn    y - +6 ring of strength
MPRegen 0.00/turn

%: repel missiles, wizardry (x1), infuse magic (-1 HP)
@: flying
A: sickness immunity, fire resistance 2, cold vulnerability 1, float, innate
caster, HP casting, extra vitality 1
a: Renounce Religion, Curse Item


You were on level 1 of the Lair of Beasts.
You worshipped Ashenzari.
Ashenzari was noncommittal.
You visited 3 branches of the dungeon, and saw 10 of its levels.

You collected 287 gold pieces.

Inventory:

Hand Weapons
 q - a +3 short sword of draining
Armour
 c - a +0 ring mail
 e - a scarf of repulsion (worn)
 f - a +1 helmet (worn)
 r - a +2 plate armour of positive energy
 s - a +0 pair of gloves (worn)
 w - a +2 robe of willpower
 B - a +1 ring mail of poison resistance (worn)
 F - a +2 hat
Magical Staves
 g - a staff of cold (weapon)
Jewellery
 i - a ring of wizardry (left hand)
 y - a +6 ring of strength (right hand)
 A - an amulet of faith
Wands
 u - a wand of iceblast (7)
 E - a wand of charming (3)
Scrolls
 b - 2 scrolls of enchant weapon
 d - 2 scrolls of teleportation
 h - a scroll of noise
 j - a scroll of enchant armour
 l - a scroll of immolation {unknown}
 m - a scroll of amnesia {unknown}
 t - a scroll of brand weapon
 v - a scroll of vulnerability
 z - a scroll of butterflies {unknown}
 D - a scroll of fear {unknown}
Potions
 a - 3 potions of attraction
 k - a potion of mutation
 n - 2 potions of invisibility
 o - a potion of might {unknown}
 p - 3 potions of curing
 x - a potion of enlightenment
 C - a potion of resistance


   Skills:
 - Level 9.9 Fighting
 - Level 6.4 Armour
 - Level 7.6 Dodging
 - Level 1.8 Stealth
 * Level 7.0 Spellcasting
 * Level 7.0 Conjurations
 * Level 7.0 Hexes
   Level 0.0 Charms
 * Level 7.0 Summonings
 * Level 7.0 Necromancy
 * Level 7.0 Translocations
   Level 0.0 Transmutations
 * Level 7.0 Fire Magic
 * Level 7.0 Ice Magic
 * Level 7.0 Air Magic
 * Level 7.0 Earth Magic
 * Level 7.0 Alchemy


You knew the following spells:

 Your Spells              Type           Power      Damage    Failure   Level
a - Magic Dart            Conj           100%       1d8       1%          1
b - Searing Ray           Conj           76%        2d7       1%          2
c - Fulminant Prism       Conj/Alch      19%        3d10      3%          4
d - Iskenderun's Mystic   Conj/Tloc      38%        2d9       3%          4
e - Kiss of Death         Conj/Necr      100%       2d13      1%          1
f - Call Imp              Summ           76%        N/A       1%          2
g - Scorch                Fire           76%        2d8       1%          2
h - Hailstorm             Conj/Ice       55%        3d11      1%          3
i - Alistair's Intoxicat  Alch           25%        N/A       10%         5
Your spell library was empty.

Dungeon Overview and Level Annotations

Branches:
Dungeon (8/15)             Temple (1/1) D:7            Lair (1/5) D:8

Altars:
Ashenzari
Cheibriados
Dithmenos
Elyvilon
Fedhas
Gozag
Makhleb
Nemelex Xobeh
Okawaru
Qazlal
Ru
Trog
Uskayaw
Wu Jian
Xom
Yredelemnul
Zin
The Shining One

Shops:
D:1 *::*

Annotations:
D:2 1 runed translucent door, Crazy Yiuf
D:7 1 runed translucent door, fly's ghost, novice KoDe
Lair:1 Gastronok


Innate Abilities, Weirdness & Mutations

You are immune to sickness and miasma.
You are immune to poison.
Your flesh is very heat resistant. (rF++)
You are vulnerable to cold. (rC-)
You float through the air rather than walking.
You learn spells naturally, not from books.
Your magical power is your life essence.
You have superior vitality. (+4 MHP)


Message History

Gastronok sloshes about.
Gastronok bites you!!
Your fulminant prism crackles loudly.
Casting: Iskenderun's Mystic Blast (dangerous; 3% risk of failure)
Confirm with . or Enter, or press ? or * to list all spells.
You erupt in a blast of force!
The mystic blast hits Gastronok.
Gastronok is moderately wounded.
Gastronok is knocked back by the mystic blast.
Your fulminant prism explodes!
The blast of energy engulfs Gastronok!!
Gastronok is heavily wounded.
Casting: Iskenderun's Mystic Blast (dangerous; 3% risk of failure)
Confirm with . or Enter, or press ? or * to list all spells.
Aiming: Fulminant Prism (dangerous; 3% risk of failure)
Press: ? - help, Dir - move target You conjure a prism of explosive energy!
A fulminant prism comes into view.
Casting: Fulminant Prism (dangerous; 3% risk of failure)
Confirm with . or Enter, or press ? or * to list all spells.
Aiming: Fulminant Prism (dangerous; 3% risk of failure)
Press: ? - help, Dir - move target You conjure a prism of explosive energy!
* * * LOW HITPOINT WARNING * * *
A fulminant prism comes into view.
Your fulminant prism crackles loudly.
Casting: Fulminant Prism (dangerous; 3% risk of failure)
Confirm with . or Enter, or press ? or * to list all spells.
Flames lash Gastronok.
Gastronok is heavily wounded.
Gastronok's fire resistance burns away.
* * * LOW HITPOINT WARNING * * *
Your fulminant prism explodes!
The blast of energy engulfs Gastronok!!
Gastronok is severely wounded.
Your fulminant prism crackles loudly.
Your fulminant prism explodes!
Gastronok waves his eye-stalks in wide circles.
The air twists around and strikes you!!
You die...
Gastronok gurgles, "About time.
I'm starving!"

#........
#........
#.........
####...^.....
#............
#..........#
#..........#
#.#.w.......
##.@..÷.....
#..........
#...........
#####.÷.....
#......
..>... ......
..... .....


You could see Gastronok (swift, combustible).

Vanquished Creatures
  A black mamba (Lair:1)
  2 cane toads (Lair:1)
  A komodo dragon (D:8)
  5 yaks
  Menkaure (D:6)
  An acid dragon (D:8)
  2 water moccasins
  3 sky beasts
  An orc warrior (D:7)
  2 ogres (D:6)
  A black bear (D:6)
  7 wolves (Lair:1)
  2 centaurs
  3 phantoms (D:5)
  A kobold brigand (D:8)
  2 bullfrogs
  9 wights
  A jelly (D:7)
  An orc priest (D:3)
  A bombardier beetle (D:5)
  4 hounds
  A gnoll bouda (D:8)
  Jessica (D:2)
  3 iguanas
  4 orc wizards
  Natasha (thrice) (D:3)
  A hell rat (Lair:1)
  6 adders
  3 gnolls (D:8)
  2 white imps (D:6)
  2 ufetubi (D:5)
  A dart slug (D:4)
  A ribbon worm (D:2)
  34 orcs
  9 bats
  9 endoplasms
  2 giant cockroaches
  7 goblins
  8 hobgoblins
  4 jackals (D:4)
  7 kobolds
  4 quokkas
  6 ball pythons
  3 frilled lizards
  4 rats (D:1)
  A spectral goblin (D:2)
  2 fulminant prisms
179 creatures vanquished.

Vanquished Creatures (collateral kills)
  An ice beast (D:6)
  A bullfrog (D:8)
2 creatures vanquished.

Vanquished Creatures (others)
  102 fulminant prisms
102 creatures vanquished.

Grand Total: 283 creatures vanquished

Notes
Turn   | Place    | Note
-------+----------+-------------------------------------------
     0 | D:1      | Beluga the Djinni Conjurer began the quest for the Orb.
     0 | D:1      | Beluga set off with the following spells memorised: Magic
                  | Dart, Searing Ray, Fulminant Prism, Iskenderun's Mystic
                  | Blast.
     0 | D:1      | Reached XP level 1. HP: 15/15 MP: 0/0
    29 | D:1      | Reached XP level 2. HP: 11/21 MP: 0/0
   175 | D:1      | Found Ceku's Assorted Antiques.
   419 | D:1      | Reached XP level 3. HP: 17/25 MP: 0/0
   419 | D:1      | Learned a level 1 spell: Kiss of Death
   547 | D:1      | Found Muobb's Book Emporium.
   549 | D:1      | Found Gyalur's Book Boutique.
   596 | D:1      | Found Mimmyll's Assorted Antiques.
   881 | D:2      | Found a faded altar of an unknown god.
  1173 | D:2      | Noticed Jessica
  1197 | D:2      | Killed Jessica
  1198 | D:2      | Reached XP level 4. HP: 18/31 MP: 0/0
  1344 | D:2      | Found a runed translucent door.
  1345 | D:2      | Noticed Crazy Yiuf
  1732 | D:3      | Noticed Natasha
  1736 | D:3      | Killed Natasha
  1737 | D:3      | Reached XP level 5. HP: 15/35 MP: 0/0
  1737 | D:3      | Learned a level 2 spell: Call Imp
  1900 | D:3      | Reached skill level 5 in Spellcasting
  1900 | D:3      | Reached skill level 5 in Conjurations
  1900 | D:3      | Reached skill level 5 in Hexes
  1900 | D:3      | Reached skill level 5 in Summonings
  1900 | D:3      | Reached skill level 5 in Necromancy
  1900 | D:3      | Reached skill level 5 in Translocations
  1900 | D:3      | Reached skill level 5 in Fire Magic
  1900 | D:3      | Reached skill level 5 in Ice Magic
  1900 | D:3      | Reached skill level 5 in Air Magic
  1900 | D:3      | Reached skill level 5 in Earth Magic
  1900 | D:3      | Reached skill level 5 in Alchemy
  1990 | D:3      | Noticed Natasha
  1993 | D:3      | Killed Natasha
  2017 | D:3      | Noticed Natasha
  2019 | D:3      | Killed Natasha
  2032 | D:3      | Reached XP level 6. HP: 34/40 MP: 0/0
  3211 | D:4      | Found a basalt altar of Yredelemnul.
  3382 | D:4      | Reached XP level 7. HP: 34/45 MP: 0/0
  3382 | D:4      | Learned a level 2 spell: Scorch
  3813 | D:5      | Entered Level 5 of the Dungeon
  4194 | D:5      | Reached skill level 1 in Fighting
  4280 | D:5      | Reached skill level 2 in Fighting
  4517 | D:5      | Reached XP level 8. HP: 53/54 MP: 0/0
  4632 | D:5      | Reached skill level 3 in Fighting
  4899 | D:6      | Noticed Menkaure
  4909 | D:6      | Killed Menkaure
  4910 | D:6      | Reached skill level 4 in Fighting
  5183 | D:6      | Reached skill level 5 in Fighting
  5461 | D:6      | Reached skill level 6 in Fighting
  5651 | D:6      | Reached XP level 9. HP: 64/67 MP: 0/0
  5651 | D:6      | Learned a level 3 spell: Hailstorm
  5669 | D:6      | Reached skill level 7 in Fighting
  5883 | D:6      | Reached skill level 1 in Armour
  5981 | D:6      | Identified the +1 flail of Dissatisfaction {elec, Dex+6}
  6191 | D:7      | Found a staircase to the Ecumenical Temple.
  6246 | Temple   | Entered the Ecumenical Temple
  6253 | Temple   | Became a worshipper of Ashenzari the Shackled
  6292 | D:7      | Noticed fly's ghost (novice KoDe)
  6294 | D:7      | Found a runed translucent door.
  6342 | D:7      | Reached skill level 8 in Fighting
  7091 | D:8      | Found a stormy altar of Qazlal.
  7200 | D:8      | Found a staircase to the Lair.
  7657 | D:8      | Reached skill level 5 in Dodging
  7657 | D:8      | Reached XP level 10. HP: 62/77 MP: 0/0
  8113 | D:8      | Reached skill level 9 in Fighting
  8353 | D:8      | Reached skill level 5 in Armour
  8460 | D:8      | Found a shadowy altar of Dithmenos.
  8725 | Lair:1   | Entered Level 1 of the Lair of Beasts
  8726 | Lair:1   | Noticed a cane toad
  8728 | Lair:1   | Noticed a cane toad
  8730 | Lair:1   | Noticed a black mamba
  8731 | Lair:1   | Killed a cane toad
  8735 | Lair:1   | Killed a cane toad
  8735 | Lair:1   | Killed a black mamba
  8935 | Lair:1   | Noticed Gastronok
  8949 | Lair:1   | HP: 2/79 [Gastronok/the air (36)]
  8951 | Lair:1   | Noticed a komodo dragon
  9272 | D:8      | Killed a komodo dragon
  9273 | D:8      | Reached XP level 11. HP: 56/85 MP: 0/0
  9273 | D:8      | Learned a level 5 spell: Alistair's Intoxication
  9370 | Lair:1   | Killed from afar by Gastronok

Illustrated notes

Levels and vault maps discovered:
D:1:      saegor_arrival_simple_b, layout_rooms, serial_shops, shop, shop, shop,
          shop, st_stairs_2
D:2:      layout_loops_ring, dreamdust_ecumenical_altar_drowned_temple,
          uniq_crazy_yiuf_cottage, uniq_jessica
D:3:      cheibrodos_helix_gallery, layout_loops_ring, uniq_natasha
D:4:      layout_gridville, mainiacjoe_overflow_24_doors, corexii_shack
D:5:      layout_rooms, st_stairs_7
D:6:      layout_loops_ring, uniq_menkaure
D:7:      layout_loops_cross, minmay_temple_entry_glass,
          hellmonk_ghost_happy_afterlife
D:8:      layout_loops_corners, grunt_dithmenos_smoke_and_mirrors,
          nicolae_qazlal_general_emergency, lair_entry_dummy, hex_large,
          kennysheep_another_room
Temple:   nicolae_temple_no_exploring_needed
Lair:1:   layout_cave_shapes, kennysheep_abandoned_house, uniq_gastronok

Skill      XL: |  1  2  3  4  5  6  7  8  9 10 |
---------------+-------------------------------+-----
Spellcasting   | 4 5 6 7 |  7.0
Conjurations   | 4 5 6 7 |  7.0
Hexes          | 4 5 6 7 |  7.0
Summonings     | 4 5 6 7 |  7.0
Necromancy     | 4 5 6 7 |  7.0
Translocations | 4 5 6 7 |  7.0
Fire Magic     | 4 5 6 7 |  7.0
Ice Magic      | 4 5 6 7 |  7.0
Air Magic      | 4 5 6 7 |  7.0
Earth Magic    | 4 5 6 7 |  7.0
Alchemy        | 4 5 6 7 |  7.0
Fighting       | 2 6 8 9 |  9.9
Armour         | 3 6 |  6.4
Dodging        | 5 7 |  7.6
Stealth        | |  1.8

Action                     |  1- 3 |  4- 6 |  7- 9 | 10-12 || total
---------------------------+-------+-------+-------+-------++-------
  Melee: Staff             |     8 |       |     1 |       ||     9
   Cast: Magic Dart        |    77 |    64 |    68 |    11 ||   220
         Searing Ray       |     3 |     4 |     7 |     1 ||    15
         Kiss of Death     |     1 |       |     1 |     2 ||     4
         Iskenderun's Myst |       |    10 |    11 |    17 ||    38
         Fulminant Prism   |       |    12 |    55 |    37 ||   104
         Scorch            |       |       |     1 |     3 ||     4
         Call Imp          |       |       |     5 |     5 ||    10
         Hailstorm         |       |       |     2 |     4 ||     6
         Alistair's Intoxi |       |       |       |     1 ||     1
    Use: Scroll            |     2 |     2 |    11 |       ||    15
         Potion            |       |       |     1 |       ||     1
 Armour: Robe              |    10 |       |       |       ||    10
         Leather armour    |       |     5 |    13 |       ||    18
         Ring mail         |       |       |     7 |    14 ||    21
  Dodge: Dodged            |     9 |     6 |    16 |    11 ||    42
         Repelled          |       |     1 |     2 |       ||     3
